 Dungeon Crawl Stone Soup version 0.28.0-47-ge53b351184 (webtiles) character file.

Game seed: 13636258069379245662

196 seaoflcl the Slasher (level 5, -1/46 HPs)
             Began as a Demigod Fighter on May 6, 2022.
             Slain by an iguana (9 damage)
             ... on level 3 of the Dungeon.
             The game lasted 00:04:34 (4270 turns).

seaoflcl the Slasher (Demigod Fighter)              Turns: 4270, Time: 00:04:35

Health: -1/46      AC:  7    Str: 21    XL:     5   Next: 21%
Magic:  7/7        EV:  9    Int: 10    God:
Gold:   151        SH:  4    Dex: 13    Spells: 4/4 levels left

rFire   . . .      SeeInvis .   q - +3 falchion
rCold   . . .      Faith    .   c - +0 buckler
rNeg    . . .      Spirit   .   b - +0 scale mail
rPois   .          Reflect  .   d - +0 helmet
rElec   .          Harm     .   (no cloak)
rCorr   .          Rampage  .   (no gloves)
Will    .....                   (no boots)
Stlth   ..........              (no amulet)
HPRegen 0.15/turn               (no ring)
MPRegen 0.10/turn               (no ring)

@: no status effects
A: high MP 1, forlorn, divine attributes
a: no special abilities


You were on level 3 of the Dungeon.
You visited 1 branch of the dungeon, and saw 4 of its levels.

You collected 151 gold pieces.

Inventory:

Hand Weapons
 a - a +0 long sword
 e - a +2 dagger of speed
 h - a +0 spear of venom
 q - a +3 falchion (weapon)
Missiles
 n - a throwing net (quivered)
Armour
 b - a +0 scale mail (worn)
 c - a +0 buckler (worn)
 d - a +0 helmet (worn)
Scrolls
 f - 3 scrolls of teleportation {unknown}
 g - 2 scrolls of fear {unknown}
 m - a scroll of identify {unknown}
 o - a scroll of fog {unknown}
 p - a scroll of enchant armour {unknown}
Potions
 i - 2 potions of lignification {unknown}
 j - a potion of ambrosia {unknown}
 k - 2 potions of curing {unknown}
 l - 3 potions of degeneration {unknown}


   Skills:
 + Level 3.8 Fighting
 * Level 4.4 Long Blades
 - Level 2.6 Armour
 - Level 2.6 Shields


You had 4 spell levels left.
You didn't know any spells.
Your spell library contained the following spells:

 Spells                   Type           Power      Damage    Failure   Level
 Slow                     Hex            0%         N/A       80%         1
 Confusing Touch          Hex            0%         N/A       99%         3
 Vampiric Draining        Necr           0%         2d6       99%         3


Dungeon Overview and Level Annotations

Branches:
Dungeon (4/15)
 Temple: D:4-7

Shops:
D:1 :


Innate Abilities, Weirdness & Mutations

You have an increased reservoir of magic. (+10% MP)
You shall have no god before yourself.
Your divine heritage dramatically boosts your attributes as you level up.


Message History

No target in view!
No target in view!
No target in view!
No target in view!
Items here: ( )) †.
An iguana comes into view.
Found a mace.
The iguana bites you!
You hit the iguana but do no damage. The iguana bites you!
You closely miss the iguana.
The iguana bites you but does no damage.
You hit the iguana.
The iguana is lightly wounded.
The iguana barely misses you.
You hit the iguana but do no damage.
The iguana is lightly wounded.
The iguana bites you but does no damage.
You hit the iguana but do no damage.
The iguana is lightly wounded.
The iguana barely misses you.
You closely miss the iguana.
The iguana is lightly wounded.
The iguana barely misses you.
You closely miss the iguana.
The iguana is lightly wounded.
The iguana bites you!
You are too injured to fight recklessly!
You are too injured to fight recklessly!
You are too injured to fight recklessly!
You are too injured to fight recklessly!
You are too injured to fight recklessly!
There is a stone staircase leading up here.
The iguana bites you!
* * * LOW HITPOINT WARNING * * *
You climb upwards.
There is a stone staircase leading down here.
You completely miss the iguana.
The iguana is lightly wounded.
You block the iguana's attack. The iguana bites you!
You die...

#.......# #.......# #.......#
######### #.......#
#.......###.......######
#.......'.........'.....
#.......###.......######
##############l########)..(....
#..#..........@.......'........
#..#.##################........
#..#.# #........ #..#.#
#........ #..#.# #........
#..#.# #####......## #..#.#
#..........## #..#.#
#.####.#####. #).#.# #.# #..#
#.


You could see an iguana.

Vanquished Creatures
  Robin (D:3)
  7 gnolls
  An adder (D:2)
  2 dart slugs
  8 orcs (D:3)
  12 endoplasms
  5 giant cockroaches
  12 goblins
  6 hobgoblins
  11 jackals
  6 kobolds
  A quokka (D:2)
  4 ball pythons
  4 bats
  4 frilled lizards
  3 rats
87 creatures vanquished.

Notes
Turn   | Place    | Note
-------+----------+-------------------------------------------
     0 | D:1      | seaoflcl the Demigod Fighter began the quest for the Orb.
     0 | D:1      | Reached XP level 1. HP: 18/18 MP: 3/3
    19 | D:1      | Reached skill level 2 in Long Blades
    58 | D:1      | Found Paivoxoe's Book Shoppe.
   335 | D:1      | Reached XP level 2. HP: 25/25 MP: 4/4
   357 | D:1      | Got Plato's Volume of Beguiling
   940 | D:1      | Reached XP level 3. HP: 31/31 MP: 5/5
   986 | D:1      | Reached skill level 3 in Long Blades
  2120 | D:3      | Reached XP level 4. HP: 38/38 MP: 6/6
  2939 | D:2      | Reached skill level 4 in Long Blades
  3375 | D:3      | Reached XP level 5. HP: 34/46 MP: 7/7
  3545 | D:3      | Noticed Robin
  3569 | D:3      | Killed Robin
  4270 | D:3      | Slain by an iguana

Illustrated notes

Levels and vault maps discovered:
D:1:      mrwooster_arrival_statue_2, layout_loops_ring,
          shapermc_ecumenical_altar_rom_forum, serial_shops, shop
D:2:      layout_basic, basic_altar, minmay_cut_off
D:3:      layout_basic, nicolae_dithmenos_shadow_blocks, st_stairs_10,
          amcnicky_mini_pool_small, nrook_uturn, uniq_robin
D:4:      layout_rooms, minmay_temple_entry_sparse_star

Skill      XL: |  1  2  3  4 |
---------------+-------------+-----
Long Blades    | 2 3 4 |  4.4
Fighting       | 3 |  3.8
Armour         | |  2.6
Shields        | |  2.6

Action                   |  1- 3 |  4- 6 || total
-------------------------+-------+-------++-------
Melee: Long sword        |    72 |    81 ||   153
       Dagger            |    95 |       ||    95
       Falchion          |       |    17 ||    17
  Use: Potion            |       |     1 ||     1
Armor: Scale mail        |    76 |    30 ||   106
Dodge: Dodged            |    64 |    36 ||   100
Block: Buckler           |    38 |    24 ||    62
